 Dungeon Sprint DCSS version 0.20-a0-641-g673355a (webtiles) character file.

170 Kidiri the Thaumaturge (level 5, -18/32 HPs)
             Began as a Deep Elf Fire Elementalist on Feb 13, 2017.
             Was an Initiate of Vehumet.
             Killed from afar by a deep elf mage (37 damage)
             ... with a bolt of cold
             ... in the Dungeon (Sprint III: "The Ten Rune Challenge").
             The game lasted 00:02:39 (721 turns).

Kidiri the Thaumaturge (Deep Elf Fire Elementalist)  Turns: 721, Time: 00:02:41

Health: -18/32     AC:  3    Str:  5    XL:     5   Next: 25%
Magic:  10/17      EV: 15    Int: 19    God:    Vehumet [......]
Gold:   39         SH:  0    Dex: 15    Spells: 2/20 levels left

rFire    + . .     SeeInvis .   n - +0 dagger
rCold    . . .     Gourm    .   a - +0 robe
rNeg     . . .     Faith    .   (no shield)
rPois    .         Spirit   .   j - +0 helmet
rElec    .         Reflect  .   (no cloak)
rCorr    .         Harm     .   (no gloves)
MR       .....     NoTele   +   (no boots)
Stlth    ++........             (no amulet)
Regen    0.1/turn               (no ring)
MPRegen  0.2/turn               (no ring)

@: no status effects
A: fangs 1, dopey 1, fire resistance 1
a: Renounce Religion


You were in the Dungeon.
You worshipped Vehumet.
Vehumet was noncommittal.
You were not hungry.

You visited 1 branch You collected 39 gold pieces.

Inventory:

Hand Weapons
 n - a +0 dagger (weapon)
Armour
 a - a +0 robe (worn)
 j - a +0 helmet (worn)
Scrolls
 i - a scroll of blinking
 m - 2 scrolls of torment {unknown}
 o - 2 scrolls of remove curse {unknown}
Potions
 d - a potion of curing
 e - a potion of heal wounds
 f - a potion of haste
 g - 2 potions of magic
 h - a potion of berserk rage
 q - 2 potions of might
 r - 2 potions of resistance
 s - a potion of flight
Books
 b - a book of Flames

   Spells                             Type                      Level
   a - Flame Tongue                   Conjuration/Fire             1
   b - Throw Flame                    Conjuration/Fire             2
   c - Conjure Flame                  Conjuration/Fire             3
   d - Inner Flame                    Hexes/Fire                   3
   e - Sticky Flame                   Conjuration/Fire             4
   f - Fireball                       Conjuration/Fire             5
 k - a book of Cantrips

   Spells                             Type                      Level
   a - Confusing Touch                Hexes                        1
   b - Animate Skeleton               Necromancy                   1
   c - Summon Small Mammal            Summoning                    1
   d - Apportation                    Translocation                1
Comestibles
 c - 2 bread rations
 l - 4 chunks of flesh
 p - a meat ration


   Skills:
 + Level 3.0 Fighting
 + Level 0.0 Short Blades
 + Level 3.0 Armour
 + Level 5.4 Dodging
 - Level 2.4 Stealth
 * Level 8.1 Spellcasting
 + Level 4.4 Conjurations
 + Level 5.5 Fire Magic


You had 2 spell levels left.
You knew the following spells:

 Your Spells              Type           Power        Failure   Level  Hunger
a - Flame Tongue          Conj/Fire      ####.        1%          1    None
b - Throw Flame           Conj/Fire      ####..       1%          2    None
c - Conjure Flame         Conj/Fire      ####....     3%          3    None
d - Inner Flame           Hex/Fire       ###.....     12%         3    None
e - Sticky Flame          Conj/Fire      ####....     12%         4    ###....
f - Fireball              Conj/Fire      ####......   34%         5    #####..


Dungeon Overview and Level Annotations

Branches:
Dungeon (1/1)

Altars:
Elyvilon
Kikubaaqudgha
Sif Muna
Vehumet
Zin
The Shining One


Innate Abilities, Weirdness & Mutations

You have very sharp teeth.
You are dopey. (Int -2)
Your flesh is heat resistant. (rF+)


Message History

Confirm with . or Enter, or press ? or * to list all spells.
Aiming: Flame Tongue
Press: ? - help, Shift-Dir - straight line, f/p - deep elf mage
Aim: a deep elf mage, wielding a long sword of holy wrath (moderately wounded, covered in liquid flames)
The flame tongue hits the deep elf mage.
The deep elf mage is moderately wounded.
The deep elf mage burns!
The deep elf mage hits you with a long sword of holy wrath.
Casting: Flame Tongue
Confirm with . or Enter, or press ? or * to list all spells.
Aiming: Flame Tongue
Press: ? - help, Shift-Dir - straight line, f/p - deep elf mage
Aim: a deep elf mage, wielding a long sword of holy wrath (heavily wounded, covered in liquid flames)
The flame tongue hits the deep elf mage.
The deep elf mage is heavily wounded.
The deep elf mage burns!
The deep elf mage gestures at you while chanting.
The bolt of cold hits you!
Ouch! That really hurt!
You die...

▓▓▓▓▓ ▓▓▓ #...####
##.#####
#......#####..#___#
#.......#..#..#e@.#
##.##...#..#..###'#+###+
##.###..##+#..#..........
###.##..###...'.⌠........
#..##..####...#...######+
...##..###....#.⌠.#
..##)..##.....#...#
.##....#......#+###
###..##.#.....#.).#


You could see a deep elf mage (burning).

Vanquished Creatures
  A water elemental (D)
  A wizard (D)
  Jessica (D)
  A kobold demonologist (D)
  A human (D)
  A wolf (D)
  2 oozes (D)
  A rat (D)
9 creatures vanquished.

Vanquished Creatures (others)
  2 draconian scorchers (D)
  6 hellions (D)
  2 yaktaurs (D)
  A plant (D)
11 creatures vanquished.

Grand Total: 20 creatures vanquished

Notes
Turn   | Place    | Note
-------+----------+-------------------------------------------
     0 | D        | Kidiri the Deep Elf Fire Elementalist began the quest for the Orb.
     0 | D        | Reached XP level 1. HP: 10/10 MP: 6/6
    40 | D        | Reached skill level 4 in Spellcasting
    40 | D        | Reached XP level 2. HP: 16/16 MP: 6/9
    44 | D        | Learned a level 2 spell: Throw Flame
    68 | D        | Reached skill level 1 in Armour
    80 | D        | Noticed Jessica
    84 | D        | Killed Jessica
    84 | D        | Reached skill level 1 in Fighting
    84 | D        | Reached skill level 5 in Spellcasting
    84 | D        | Reached XP level 3. HP: 20/20 MP: 5/11
    89 | D        | Learned a level 3 spell: Conjure Flame
    93 | D        | Learned a level 3 spell: Inner Flame
   104 | D        | Killed a hellion
   106 | D        | Killed a hellion
   106 | D        | Killed a hellion
   108 | D        | Killed a hellion
   109 | D        | Killed a hellion
   129 | D        | Killed a hellion
   133 | D        | Killed a white draconian scorcher
   134 | D        | Killed a yaktaur
   145 | D        | Reached skill level 6 in Spellcasting
   145 | D        | Reached XP level 4. HP: 9/26 MP: 0/14
   166 | D        | Gained mutation: Your movements are slightly less encumbered by armour. (ER -2) [potion of mutation]
   166 | D        | Gained mutation: Your muscles are strong. (Str +2) [potion of mutation]
   166 | D        | Gained mutation: You have large cloven feet. [potion of mutation]
   167 | D        | Lost mutation: Your muscles are strong. (Str +2) [potion of mutation]
   167 | D        | Lost mutation: You have large cloven feet. [potion of mutation]
   167 | D        | Lost mutation: Your movements are slightly less encumbered by armour. (ER -2) [potion of mutation]
   167 | D        | Gained mutation: You tend to lose your temper in combat. [potion of mutation]
   167 | D        | Gained mutation: You expend magic power (3 MP) to strengthen your wands. [potion of mutation]
   167 | D        | Gained mutation: You are somewhat resistant to further mutation. [potion of mutation]
   168 | D        | Lost mutation: You expend magic power (3 MP) to strengthen your wands. [potion of mutation]
   168 | D        | Lost mutation: You are somewhat resistant to further mutation. [potion of mutation]
   168 | D        | Lost mutation: You tend to lose your temper in combat. [potion of mutation]
   168 | D        | Gained mutation: You are clumsy. (Dex -2) [potion of mutation]
   168 | D        | Gained mutation: Your spells are a little easier to cast, but a little less powerful. [potion of mutation]
   168 | D        | Gained mutation: Your flesh is cold resistant. (rC+) [potion of mutation]
   169 | D        | Lost mutation: You are clumsy. (Dex -2) [potion of mutation]
   169 | D        | Lost mutation: Your spells are a little easier to cast, but a little less powerful. [potion of mutation]
   169 | D        | Lost mutation: Your flesh is cold resistant. (rC+) [potion of mutation]
   169 | D        | Gained mutation: You have very sharp teeth. [potion of mutation]
   169 | D        | Gained mutation: You are dopey. (Int -2) [potion of mutation]
   169 | D        | Gained mutation: Your flesh is heat resistant. (rF+) [potion of mutation]
   190 | D        | Killed a white draconian scorcher
   196 | D        | Killed a yaktaur
   353 | D        | Learned a level 4 spell: Sticky Flame
   405 | D        | Noticed a water elemental
   411 | D        | Killed a water elemental
   411 | D        | Reached skill level 5 in Dodging
   411 | D        | Reached skill level 7 in Spellcasting
   411 | D        | Reached skill level 5 in Fire Magic
   633 | D        | Found a radiant altar of Vehumet.
   634 | D        | Found a deep blue altar of Sif Muna.
   634 | D        | Found an ancient bone altar of Kikubaaqudgha.
   634 | D        | Noticed a wizard
   637 | D        | Killed a wizard
   637 | D        | Reached XP level 5. HP: 32/32 MP: 7/17
   639 | D        | Reached skill level 8 in Spellcasting
   656 | D        | Learned a level 5 spell: Fireball
   660 | D        | Became a worshipper of Vehumet
   715 | D        | Found a glowing silver altar of Zin.
   716 | D        | Found a glowing golden altar of the Shining One.
   716 | D        | Found a white marble altar of Elyvilon.
   716 | D        | Noticed a deep elf mage
   721 | D        | Killed from afar by a deep elf mage

Vault maps used:
D:        dungeon_sprint_mu

Skill      XL: |  1  2  3  4  5 |
---------------+----------------+-----
Dodging        | 3 4 5 |  5.4
Spellcasting   | 4 5 6 7 8 |  8.1
Armour         | 1 2 3 |  3.0
Fighting       | 1 2 3 |  3.0
Conjurations   | 2 3 4 |  4.4
Fire Magic     | 4 5 |  5.5
Stealth        | |  2.4

Action                   |  1- 3 |  4- 6 || total
-------------------------+-------+-------++-------
 Cast: Flame Tongue      |    14 |     6 ||    20
       Throw Flame       |     3 |       ||     3
       Sticky Flame      |       |     5 ||     5
  Use: Potion            |       |     4 ||     4
       Scroll            |       |     3 ||     3
Armor: Robe              |       |     3 ||     3
Dodge: Dodged            |     5 |     4 ||     9
